 Dungeon Crawl Stone Soup version 0.23.0-3-gf3c87f2 (webtiles) character file.

Game seed: 16295389439717678285

109677 Arum the Warrior (level 17, -14/148 HPs)
             Began as a Formicid Fighter on Feb 22, 2019.
             Was a High Priest of Okawaru.
             Killed from afar by Nikola (29 damage)
             ... with a chain lightning
             ... on level 1 of the Swamp.
             The game lasted 00:59:50 (28468 turns).

Arum the Warrior (Formicid Fighter)                Turns: 28468, Time: 00:59:54

Health: -14/148    AC: 27    Str: 30    XL:     17   Next: 8%
Magic:  14/20      EV: 15    Int: 16    God:    Okawaru [*****.]
Gold:   2491       SH: 14    Dex:  8    Spells: 16/16 levels left

rFire    . . .     SeeInvis +   p - +7 quarterstaff (speed)
rCold    . . .     Gourm    .   c - +0 shield {reflect}
rNeg     . . .     Faith    .   t - +3 plate armour of Inevitability {Regen+ Str+3 Int+4 Dex-2}
rPois    .         Spirit   .   (helmet unavailable)
rElec    .         Reflect  +   W - scarf {cloud immunity}
rCorr    +         Harm     .   g - +1 pair of gloves {Str+3}
MR       +....                  k - +0 pair of boots
Stlth    ..........             r - amulet of regeneration
HPRegen  1.14/turn              i - +4 ring of evasion
MPRegen  0.17/turn              U - ring of resist corrosion

@: heroism, finesse
A: permanent stasis, dig shafts and tunnels, four strong arms, antennae 3
a: Dig, Shaft Self, Heroism, Finesse, Renounce Religion


You were on level 1 of the Swamp.
You worshipped Okawaru.
Okawaru was extremely pleased with you.
You were not hungry.

You visited 5 branches of the dungeon, and saw 25 of its levels.
You also visited: Bailey and Ice Cave.

You collected 3067 gold pieces.
You spent 576 gold pieces at shops.

Inventory:

Hand Weapons
 h - a +4 lajatang of protection
 l - a +4 quarterstaff of chaos
 p - a +7 quarterstaff of speed (weapon)
 B - a +4 scimitar of flaming
Missiles
 q - 3 throwing nets (quivered)
 J - 12 javelins
Armour
 c - a +0 shield of reflection (worn)
 g - a +1 pair of gloves of strength (worn)
 k - a +0 pair of boots (worn)
 m - a +1 cloak of invisibility
 t - the +3 plate armour of Inevitability (worn) {Regen+ Str+3 Int+4 Dex-2}
   (You found it on level 4 of the Lair of Beasts)

   It affects your strength (+3).
   It affects your intelligence (+4).
   It affects your dexterity (-2).
   It increases your rate of regeneration.
 D - a scarf of repulsion
 F - a +0 crystal plate armour
 W - a scarf of cloud immunity (worn)
Jewellery
 i - a +4 ring of evasion (left hand)
 r - an amulet of regeneration (around neck)
 v - an uncursed ring of protection from cold
 Q - an uncursed ring of protection from cold
 U - a ring of resist corrosion (right hand)
Wands
 b - a wand of iceblast (6)
 s - a wand of flame (35)
 w - a wand of random effects (80)
 K - a wand of digging (14)
 S - a wand of acid (25)
Scrolls
 a - a scroll of magic mapping
 y - 6 scrolls of fear
 C - 4 scrolls of vulnerability
 E - 4 scrolls of immolation
 H - 5 scrolls of amnesia
 L - 2 scrolls of enchant armour
 M - 6 scrolls of enchant weapon
 P - a scroll of silence
 T - 3 scrolls of fog
Potions
 d - 10 potions of might
 e - a potion of invisibility
 n - 7 potions of curing
 o - 6 potions of brilliance
 u - 3 potions of magic {unknown}
 x - 3 potions of flight
 z - 4 potions of agility
 A - a potion of berserk rage {unknown}
 G - 4 potions of cancellation
 I - 3 potions of mutation
 N - a potion of experience {unknown}
 O - a potion of ambrosia {unknown}
 V - 3 potions of lignification
 X - a potion of resistance {unknown}
Comestibles
 f - 34 rations
 j - 9 chunks of flesh


   Skills:
 + Level 17.6(22.6) Fighting
 + Level 16.2(21.2) Staves
 + Level 16.1(21.1) Armour
 - Level 9.0(14.0) Shields
 - Level 5.0 Invocations


You had 16 spell levels left.
You didn't know any spells.
Your spell library contained the following spells:

 Spells                   Type           Power        Failure   Level  Hunger
 Flame Tongue             Conj/Fire      #....        67%         1    ##.....
 Sandblast                Erth           #.....       67%         1    ##.....
 Shock                    Conj/Air       #...         67%         1    ##.....
 Passwall                 Tmut/Erth      #.......     82%         2    ###....
 Swiftness                Chrm/Air       #.......     82%         2    ###....
 Throw Flame              Conj/Fire      #.....       82%         2    ###....
 Conjure Flame            Conj/Fire      #.......     96%         3    ####...
 Gell's Gravitas          Tloc           #.........   96%         3    ####...
 Inner Flame              Hex/Fire       #.......     96%         3    ####...
 Portal Projectile        Hex/Tloc       #.....       96%         3    ####...
 Recall                   Summ/Tloc      N/A          96%         3    ####...
 Static Discharge         Conj/Air       #.......     96%         3    ####...
 Stone Arrow              Conj/Erth      #.....       96%         3    ####...
 Airstrike                Air            #.........   100%        4    #####..
 Force Lance              Conj/Tloc      #.......     100%        4    #####..
 Ice Form                 Ice/Tmut       #.......     100%        4    #####..
 Petrify                  Tmut/Erth      #.......     100%        4    #####..
 Sticky Flame             Conj/Fire      #.......     100%        4    #####..
 Aura of Abjuration       Summ           #.........   100%        5    ######.
 Bolt of Magma            Conj/Fire/Erth #.........   100%        5    ######.
 Fireball                 Conj/Fire      #.........   100%        5    ######.
 Iskenderun's Battlesphe  Conj/Chrm      #.......     100%        5    ######.
 Lee's Rapid Deconstruct  Erth           #.........   100%        5    ######.
 Lightning Bolt           Conj/Air       #.........   100%        5    ######.
 Metabolic Englaciation   Hex/Ice        #.........   100%        5    ######.
 Summon Demon             Summ           #.........   100%        5    ######.
 Summon Forest            Summ/Tloc      #.........   100%        5    ######.
 Summon Mana Viper        Hex/Summ       #.......     100%        5    ######.
 Venom Bolt               Conj/Pois      #.........   100%        5    ######.
 Bolt of Cold             Conj/Ice       #.........   100%        6    #######
 Dispersal                Tloc           #.........   100%        6    #######
 Freezing Cloud           Conj/Ice/Air   #.........   100%        6    #######
 Iron Shot                Conj/Erth      #.........   100%        6    #######
 Ozocubu's Refrigeration  Ice            #.........   100%        6    #######
 Shadow Creatures         Summ           N/A          100%        6    #######
 Simulacrum               Ice/Necr       #.........   100%        6    #######
 Orb of Destruction       Conj           #.........   100%        7    #######
 Spellforged Servitor     Conj/Summ      #.........   100%        7    #######
 Disjunction              Tloc           #.........   100%        8    #######
 Controlled Blink         Tloc           Unusable     N/A         8    N/A

Dungeon Overview and Level Annotations

Branches:
Dungeon (15/15)            Temple (1/1) D:5            Lair (6/6) D:8
  Swamp (1/4) Lair:3        Snake (0/4) Lair:4        Slime (0/5) Lair:6
    Orc (2/2) D:12            Elf (0/3) Orc:2        Vaults (0/5) D:13
 Depths (0/5) D:15

Altars:
Ashenzari
Cheibriados
Dithmenos
Elyvilon
Fedhas
Gozag
Hepliaklqana
Kikubaaqudgha
Makhleb
Nemelex Xobeh
Okawaru
Qazlal
Ru
Sif Muna
Trog
Uskayaw
Vehumet
Wu Jian
Xom
Yredelemnul
Zin
The Shining One
Beogh

Shops:
D:8 (   D:10 [   Orc:1 }   Orc:2 =}*:

Annotations:
Swamp:1 Nikola


Innate Abilities, Weirdness & Mutations

You cannot be hasted, slowed, berserked, paralysed or teleported.
You can dig through walls and to a lower floor.
Your four strong arms can wield two-handed weapons with a shield.
You have a pair of large antennae on your head. (SInv)


Message History

Nikola hits Nikola with a +0 rapier of electrocution!
Nikola hits Nikola with a +0 rapier of electrocution!
Nikola hits Nikola but does no damage.
Lightning courses through Nikola! What are your orders? t - Shout!
Orders for allies: a - Attack new target. p - Attack previous target. r - Retreat! s - Stop attacking. g - Guard the area. f - Follow me.
Anything else - Cancel.
Gang up on whom?
Press: ? - help, Dir - move target cursor, f/p - Nikola
Aim: Nikola, wielding a +0 rapier of electrocution, wearing a +2 cloak of invisibility, wearing a +0 pair of gloves and wearing an uncursed amulet of faith (severely wounded) Attack!
Nikola gestures wildly while chanting.
You hear a mighty clap of thunder!
The lightning arc hits Nikola! x2; The lightning arc hits Nikola!!!
Nikola dies!
Nikola's corpse shimmers and vanishes!
The lightning arc hits you!!
You die...

♣♣♣♣♣♣♣♣ ♣ ♣♣♣♣♣♣....@.♣
♣♣♣♣♣♣♣..§≈.≈♣♣♣♣.♣
.♣♣.....♣≈≈≈≈♣ ♣.♣
....≈≈≈≈≈≈≈≈.♣ ♣♣.♣
♣.≈≈≈..≈≈≈≈≈.♣ ♣.@♣
♣.≈≈≈≈^≈......♣♣.♣♣ ♣♣
♣.≈≈♣≈..♣.≈≈≈≈≈♣.♣ ♣≈♣♣
..≈..≈....≈≈≈≈...♣♣.≈.♣
≈≈.≈.≈.≈≈.≈≈≈≈≈≈...♣≈.♣...


You could see Nikola (unaware).

Vanquished Creatures
  Rupert (Lair:3)
  Donald (Orc:2)
  Louise (D:14)
  3 orc warlords
  A fire dragon (D:15)
  4 vault guards (D:13)
  3 ice dragons
  11 hydras
  3 catoblepae (Lair:6)
  7 two-headed ogres
  3 centaur warriors
  2 alligators (Swamp:1)
  An ogre mage (D:12)
  Urug (Orc:2)
  5 orc high priests (Orc:2)
  Sonja (Orc:1)
  3 unseen horrors
  2 swamp dragons
  A wizard (D:15)
  A lindwurm (Lair:6)
  5 orc knights
  14 ugly things
  3 orc sorcerers (Orc:2)
  3 deep elf magi
  A wolf spider (Lair:6)
  4 manticores
  2 cyclopes
  10 elephants (Lair:6)
  2 ice statues (IceCv)
  4 black mambas
  A torpor snail (Lair:6)
  12 spiny frogs
  3 kobold demonologists (D:13)
  4 rime drakes
  A freezing wraith (D:13)
  2 efreet
  10 komodo dragons
  6 trolls
  3 tyrant leeches
  6 blink frogs
  A hornet (D:9)
  17 slime creatures
  4 dream sheep (Lair:6)
  A bog body (Swamp:1)
  A meliai zombie (D:14)
  A shadow (Swamp:1)
  12 hippogriffs
  A spriggan (shapeshifter) (D:14)
  A vampire (D:9)
  3 wraiths
  A tarantella (D:11)
  2 wyverns
  49 yaks
  3 hungry ghosts
  6 basilisks
  5 vampire mosquitoes
  9 insubstantial wisps
  Edmund (D:5)
  3 nagas (Lair:4)
  2 wargs
  3 acid dragons
  3 swamp worms (Swamp:1)
  6 water moccasins
  A soldier ant (D:13)
  4 porcupines
  2 sky beasts
  11 wolves
  4 eyes of draining
  16 ice beasts
  55 orc warriors
  2 phantoms
  8 centaurs
  19 ogres
  2 big kobolds
  5 crocodiles
  19 bullfrogs
  A wyvern zombie (D:11)
  2 wyvern skeletons
  5 killer bees (D:7)
  A water moccasin skeleton (D:5)
  7 scorpions
  2 electric eels (Lair:2)
  10 wights
  10 howler monkeys
  6 centaur zombies
  13 crimson imps
  A quasit (D:13)
  Crazy Yiuf (D:2)
  14 hounds
  A bullfrog zombie (D:9)
  20 jellies
  7 centaur skeletons
  30 orc priests
  6 bullfrog skeletons
  14 orc wizards
  5 iguanas
  Natasha (thrice) (D:2)
  12 worker ants
  2 hound zombies
  2 howler monkey zombies
  2 worker ant zombies
  19 gnolls
  11 adders
  4 shadow imps
  An adder skeleton (D:4)
  2 worms (D:4)
  7 leopard geckos
  139 orcs
  3 giant cockroaches
  15 goblins
  30 hobgoblins
  10 jackals
  2 quokkas (D:6)
  A ball python (D:1)
  A ball python zombie (D:5)
  7 bats
  2 frilled lizards
  18 kobolds
  4 rats
887 creatures vanquished.

Vanquished Creatures (others)
  A jelly (D:5)
  2 fungi (Lair:2)
  A plant (Lair:2)
4 creatures vanquished.

Grand Total: 891 creatures vanquished

Notes
Turn   | Place    | Note
-------+----------+-------------------------------------------
     0 | D:1      | Arum the Formicid Fighter began the quest for the Orb.
     0 | D:1      | Reached XP level 1. HP: 18/18 MP: 1/1
   161 | D:1      | Reached XP level 2. HP: 17/24 MP: 2/2
   497 | D:1      | Reached XP level 3. HP: 22/30 MP: 3/3
  1356 | D:2      | Found a sacrificial altar of Ru.
  1361 | D:2      | Found a shattered altar of Ashenzari.
  1364 | D:2      | Found a blossoming altar of Fedhas.
  1526 | D:2      | Reached skill level 4 in Fighting
  1526 | D:2      | Reached XP level 4. HP: 33/37 MP: 4/4
  1632 | D:2      | Found a runed translucent door.
  1633 | D:2      | Noticed Crazy Yiuf
  1684 | D:2      | Killed Crazy Yiuf
  1684 | D:2      | Reached XP level 5. HP: 21/43 MP: 0/5
  1921 | D:2      | Noticed Natasha
  1923 | D:2      | Killed Natasha
  1923 | D:2      | Reached skill level 5 in Shields
  2132 | D:2      | Noticed Natasha
  2138 | D:2      | Killed Natasha
  2173 | D:2      | Noticed Natasha
  2176 | D:2      | Killed Natasha
  2176 | D:2      | Reached XP level 6. HP: 45/49 MP: 6/6
  2457 | D:3      | Reached skill level 5 in Fighting
  3154 | D:4      | Found a deep blue altar of Sif Muna.
  3311 | D:4      | Reached XP level 7. HP: 56/56 MP: 7/7
  3670 | D:5      | Entered Level 5 of the Dungeon
  3689 | D:5      | Found a shadowy altar of Dithmenos.
  3728 | D:5      | Reached skill level 6 in Fighting
  3728 | D:5      | Reached skill level 5 in Staves
  3742 | D:5      | Reached XP level 8. HP: 64/64 MP: 8/8
  3777 | D:5      | Found an iron altar of Okawaru.
  3782 | D:5      | Noticed Edmund
  3785 | D:5      | Became a worshipper of Warmaster Okawaru
  3803 | D:5      | Killed Edmund
  4092 | D:5      | Found a staircase to the Ecumenical Temple.
  4096 | D:5      | Reached skill level 7 in Fighting
  4254 | Temple   | Entered the Ecumenical Temple
  4522 | D:6      | Found an iron altar of Okawaru.
  4544 | D:6      | Found a glowing golden altar of the Shining One.
  4777 | D:6      | Noticed a wyvern
  4777 | D:6      | an orc warrior changed into a wyvern
  4780 | D:6      | Killed a wyvern
  4780 | D:6      | Reached * piety under Okawaru
  4780 | D:6      | Reached XP level 9. HP: 44/72 MP: 9/9
  5168 | D:7      | Reached skill level 8 in Fighting
  5249 | D:7      | Reached ** piety under Okawaru
  5718 | D:7      | Reached *** piety under Okawaru
  5756 | D:7      | Reached skill level 9 in Fighting
  5777 | D:7      | Noticed a hippogriff
  5785 | D:7      | Killed a hippogriff
  5785 | D:7      | Reached XP level 10. HP: 79/83 MP: 10/10
  5894 | D:7      | Found a radiant altar of Vehumet.
  5986 | D:7      | Reached skill level 1 in Invocations
  6537 | D:8      | Found Feutann's Weapon Shop.
  6757 | D:8      | Found a staircase to the Lair.
  6927 | D:8      | Reached **** piety under Okawaru
  7235 | D:9      | Found a flagged portal.
  7248 | D:9      | Reached skill level 5 in Invocations
  7253 | Bailey   | Entered a bailey
  7492 | Bailey   | Reached skill level 5 in Armour
  7531 | Bailey   | Reached ***** piety under Okawaru
  7564 | Bailey   | Reached skill level 10 in Fighting
  7618 | Bailey   | Noticed an orc warlord
  7645 | Bailey   | Killed an orc warlord
  7645 | Bailey   | Reached XP level 11. HP: 54/92 MP: 6/14
  8443 | D:9      | Reached skill level 11 in Fighting
  8811 | D:9      | Reached skill level 10 in Staves
  9153 | D:10     | Entered Level 10 of the Dungeon
  9608 | D:10     | Received a gift from Okawaru
  9706 | D:10     | Found Naomp's Antique Armour Shop.
 10029 | D:11     | Found a shadowy altar of Dithmenos.
 10118 | D:11     | Noticed an eight-headed hydra
 10140 | D:11     | Killed an eight-headed hydra
 10466 | D:11     | Noticed a deep elf mage
 10477 | D:11     | Killed a deep elf mage
 10687 | D:11     | Identified a scroll of acquirement
 10776 | D:11     | Reached XP level 12. HP: 87/101 MP: 15/15
 11223 | D:12     | Reached skill level 12 in Fighting
 11233 | D:12     | Received a gift from Okawaru
 11273 | D:12     | Noticed a two-headed ogre
 11279 | D:12     | Reached ****** piety under Okawaru
 11287 | D:12     | Killed a two-headed ogre
 11291 | D:12     | Found a frozen archway.
 11320 | IceCv    | Entered an ice cave
 11921 | IceCv    | Noticed an ice dragon
 11930 | IceCv    | Noticed an ice dragon
 11933 | IceCv    | Killed an ice dragon
 11940 | IceCv    | Killed an ice dragon
 11940 | IceCv    | Reached skill level 10 in Armour
 12615 | D:12     | Reached skill level 13 in Fighting
 12625 | D:12     | Noticed a six-headed hydra
 12647 | D:12     | Killed a six-headed hydra
 12647 | D:12     | Reached XP level 13. HP: 86/111 MP: 16/16
 12664 | D:12     | Received a gift from Okawaru
 12968 | D:12     | Found a staircase to the Orcish Mines.
 13193 | D:13     | Noticed a centaur warrior
 13203 | D:13     | Killed a centaur warrior
 13216 | D:13     | Noticed a six-headed hydra
 13217 | D:13     | Noticed a centaur warrior
 13237 | D:13     | Killed a six-headed hydra
 13237 | D:13     | Received a gift from Okawaru
 13255 | D:13     | Killed a centaur warrior
 13331 | D:13     | Got a polished cloak {god gift}
 13412 | D:13     | Identified the -4 cloak of the Gusle {rN+++ rCorr Str-5
                  | Dex-3} (Okawaru gifted it to you on level 13 of the
                  | Dungeon)
 13538 | D:13     | Reached skill level 14 in Fighting
 14106 | D:13     | Noticed a vault guard
 14124 | D:13     | Killed a vault guard
 14322 | D:13     | Noticed a vault guard
 14342 | D:13     | Killed a vault guard
 14348 | D:13     | Noticed a vault guard
 14359 | D:13     | Killed a vault guard
 14359 | D:13     | Reached XP level 14. HP: 115/120 MP: 17/17
 14406 | D:13     | Found a gate to the Vaults.
 15050 | D:14     | Received a gift from Okawaru
 15635 | D:14     | Reached skill level 15 in Fighting
 15649 | D:14     | Received a gift from Okawaru
 15651 | D:14     | Noticed Louise
 15715 | D:14     | Killed Louise
 16290 | D:15     | Entered Level 15 of the Dungeon
 16576 | D:15     | Got a heavily runed scale mail
 16733 | D:15     | Found a staircase to the Depths.
 17444 | Orc:1    | Entered Level 1 of the Orcish Mines
 17476 | Orc:1    | Received a gift from Okawaru
 17477 | Orc:1    | Noticed Sonja
 17516 | Orc:1    | Killed Sonja
 17516 | Orc:1    | Reached XP level 15. HP: 14/129 MP: 12/18
 18192 | Orc:2    | Entered Level 2 of the Orcish Mines
 18423 | Orc:2    | Noticed Urug
 18441 | Orc:2    | Killed Urug
 18594 | Orc:1    | Found Owiachaj's Gadget Shoppe.
 18800 | Orc:2    | Received a gift from Okawaru
 18821 | Orc:2    | Found a roughly hewn altar of Beogh.
 18821 | Orc:2    | Noticed an orc warlord
 18830 | Orc:2    | Killed an orc warlord
 18858 | Orc:2    | Found Tacvek's Jewellery Emporium.
 18894 | Orc:2    | Found Jabbo's Gadget Shoppe.
 19599 | Orc:2    | Reached skill level 16 in Fighting
 19951 | Orc:2    | Found a staircase to the Elven Halls.
 19994 | Orc:2    | Noticed Donald
 20015 | Orc:2    | Killed Donald
 20092 | Orc:2    | Noticed an orc warlord
 20132 | Orc:2    | Killed an orc warlord
 20132 | Orc:2    | Received a gift from Okawaru
 20564 | Orc:2    | Found a roughly hewn altar of Beogh.
 20581 | Orc:2    | Found Ruvaibbu's Book Emporium.
 20642 | Orc:2    | Found Ryxul's General Store.
 21295 | Orc:2    | Bought an uncursed amulet of regeneration for 540 gold
                  | pieces
 21298 | Orc:2    | Bought a cursed amulet of inaccuracy for 36 gold pieces
 21483 | Lair:1   | Entered Level 1 of the Lair of Beasts
 21506 | Lair:1   | Reached skill level 15 in Staves
 21719 | Lair:1   | Identified the cursed +0 scale mail of Teluom {*Contam +Inv
                  | rF+} (You found it on level 15 of the Dungeon)
 22336 | Lair:2   | You fall through a shaft for 2 floors!
 22770 | Lair:3   | Found a staircase to the Swamp.
 22859 | Lair:3   | Noticed Rupert
 22901 | Lair:3   | Killed Rupert
 22901 | Lair:3   | Reached XP level 16. HP: 56/139 MP: 16/19
 23837 | Lair:2   | Reached skill level 15 in Armour
 23918 | Lair:2   | Found a shimmering altar of Xom.
 24441 | Lair:4   | Found a staircase to the Snake Pit.
 24580 | Lair:4   | Got a faintly humming plate armour
 25074 | Lair:4   | Identified the +3 plate armour of Inevitability {Regen+
                  | Str+3 Int+4 Dex-2} (You found it on level 4 of the Lair of
                  | Beasts)
 26188 | Lair:6   | Entered Level 6 of the Lair of Beasts
 26290 | Lair:6   | Reached skill level 17 in Fighting
 26421 | Lair:6   | Received a gift from Okawaru
 26567 | Lair:6   | Received a gift from Okawaru
 26643 | Lair:6   | Found a staircase to the Slime Pits.
 27364 | Swamp:1  | Entered Level 1 of the Swamp
 27585 | Lair:3   | HP: 6/141 [white ugly thing (14)]
 27825 | Lair:3   | HP: 4/141 [white ugly thing (35)]
 28054 | Swamp:1  | Noticed Nikola
 28080 | Swamp:1  | Reached XP level 17. HP: 148/148 MP: 20/20
 28324 | Swamp:1  | Received a gift from Okawaru
 28468 | Swamp:1  | Killed from afar by Nikola

Skill      XL: |  1  2  3  4  5  6  7  8  9 10 11 12 13 14 15 16 |
---------------+-------------------------------------------------+-----
Shields        | 4 5 6 8 9 |  9.0
Fighting       | 4 5 6 7 9 10 11 13 14 15 16 17 | 17.6
Staves         | 3 4 5 6 8 9 10 11 13 14 15 16 | 16.2
Invocations    | 5 |  5.0
Armour         | 6 8 10 12 13 14 16 | 16.1

Action                   |  1- 3 |  4- 6 |  7- 9 | 10-12 | 13-15 | 16-18 || total
-------------------------+-------+-------+-------+-------+-------+-------++-------
Melee: Quarterstaff      |   100 |    99 |   270 |   570 |   814 |   796 ||  2649
       Lajatang          |       |       |       |   230 |   750 |       ||   980
Throw: Throwing net      |       |     1 |       |       |       |       ||     1
Invok: Heroism           |       |       |       |     3 |    10 |     3 ||    16
       Finesse           |       |       |       |     2 |     5 |     1 ||     8
 Abil: Dig               |     2 |     1 |     1 |     7 |     9 |     1 ||    21
Evoke: Wand              |       |       |       |     2 |     9 |       ||    11
       Phantom mirror    |       |       |       |       |       |     1 ||     1
  Use: Scroll            |       |     4 |       |    19 |     6 |     5 ||    34
       Potion            |       |       |       |     1 |     5 |     1 ||     7
 Stab: Held in net/web   |       |     1 |       |       |       |       ||     1
       Petrifying        |       |       |     1 |       |       |     1 ||     2
       Paralysed         |       |       |       |     1 |       |       ||     1
       Confused          |       |       |       |     2 |       |       ||     2
       Petrified         |       |       |       |     1 |       |     4 ||     5
       Invisible         |       |       |       |       |       |     2 ||     2
  Eat: Chunk             |     2 |     6 |    11 |    23 |    34 |    15 ||    91
       Ration            |       |       |       |       |     1 |     1 ||     2
Armor: Scale mail        |    49 |    26 |    76 |    13 |       |       ||   164
       Acid dragon scale |       |       |       |    65 |       |       ||    65
       Crystal plate arm |       |       |       |   181 |   465 |    23 ||   669
       Plate armour      |       |       |       |       |       |   182 ||   182
Dodge: Dodged            |    33 |    26 |   122 |   240 |   265 |   182 ||   868
       Deflected         |       |       |       |    14 |    13 |       ||    27
Block: Shield            |    49 |    28 |   152 |   398 |   509 |   245 ||  1381
